 Dungeon Crawl Stone Soup version 0.32-a0-995-gb4a59205af (webtiles) character file.

Game seed: 15433097380815324050

69 terelglass the Conjurer (level 4, -1/24 HPs)
             Began as a Deep Elf Conjurer on Apr 22, 2024.
             Slain by a nameless horror (5 damage)
             ... created by miscasting Call Canine Familiar
             ... on level 2 of the Dungeon.
             The game lasted 00:07:04 (1706 turns).

terelglass the Conjurer (Deep Elf Conjurer)         Turns: 1706, Time: 00:07:05

Health: -1/24      AC:  2    Str:  4    XL:     4   Next: 2%
Magic:  0/11       EV: 12    Int: 25    God:
Gold:   53         SH:  0    Dex: 13    Spells: 4/10 levels left

rFire   . . .        c - +0 short sword
rCold   . . .        (no shield)
rNeg    . . .        a - +0 robe
rPois   .            (no helmet)
rElec   .            (no cloak)
rCorr   .            (no gloves)
SInv    .            (no boots)
Will    .....        (no amulet)
Stlth   ++           (no ring)
HPRegen 0.24/turn    (no ring)
MPRegen 0.12/turn

%: no passive effects
@: very slightly contaminated
A: no striking features
a: no special abilities


You were on level 2 of the Dungeon.
You visited 1 branch of the dungeon, and saw 2 of its levels.

You collected 53 gold pieces.

Inventory:

Hand Weapons
 c - a +0 short sword (weapon)
Armour
 a - a +0 robe (worn)
Scrolls
 d - 3 scrolls of poison
 e - a scroll of blinking {unknown}
 k - a scroll of immolation {unknown}
 m - a scroll of enchant armour {unknown}
Potions
 b - 2 potions of magic
 f - a potion of attraction {unknown}
 g - 2 potions of heal wounds {unknown}
 h - a potion of enlightenment {unknown}
 i - a potion of might {unknown}
 j - 2 potions of curing {unknown}
 l - 2 potions of lignification {unknown}


   Skills:
 + Level 3.3 Dodging
 + Level 3.5 Stealth
 + Level 3.9 Spellcasting
 + Level 4.8 Conjurations


You had 4 spell levels left.
You knew the following spells:

 Your Spells              Type           Power      Damage    Failure   Level
a - Magic Dart            Conj           100%       1d8       1%          1
b - Searing Ray           Conj           58%        2d6       1%          2
c - Call Canine Familiar  Summ           4%         N/A       28%         3

Your spell library contained the following spells:

 Spells                   Type           Power      Damage    Failure   Level
 Summon Small Mammal      Summ           16%        N/A       10%         1
 Fulminant Prism          Conj/Alch      8%         3d7       34%         4
 Iskenderun's Mystic Bla Conj/Tloc 17%            2d5        (+2d2     34%         4
 Summon Blazeheart Golem  Fire/Summ      4%         N/A       67%         4


Dungeon Overview and Level Annotations

Branches:
Dungeon (2/15)

Altars:
Elyvilon

Shops:
D:1 :   D:2 =


Message History

The ribbon worm barely misses your inugami.
Your inugami hits the ribbon worm.
Casting: Magic Dart (safe; 1% risk of failure)
Confirm with . or Enter, or press ? or * to list all spells.
You miscast Call Canine Familiar.
You are very lightly contaminated with residual magic.
A chorus of moans calls out in your mind.
A nameless horror comes into view.
The ribbon worm expels a string of sticky webbing.
The stream of webbing hits your inugami but does no damage.
Your inugami is caught in a web!
Your inugami struggles to get unstuck from the web.
You hit the nameless horror but do no damage.
The nameless horror barely misses you.
Your inugami tears the web.
You hit the nameless horror but do no damage.
Your inugami disappears in a puff of smoke!
The nameless horror hits you!
You feel your power leaking away. The ribbon worm closely misses you.
The nameless horror hits you!
You feel your power leaking away.
You barely miss the ribbon worm.
The ribbon worm is lightly wounded.
The ribbon worm barely misses you. The nameless horror barely misses you.
You hit the ribbon worm.
The ribbon worm is moderately wounded.
The ribbon worm closely misses you. The nameless horror misses you.
Unknown command.
The nameless horror attacks as it pursues you!
The nameless horror hits you!
* * * LOW HITPOINT WARNING * * *
You feel your power leaking away.
Casting: Call Canine Familiar (extremely dangerous; 28% risk of failure)
Confirm with . or Enter, or press ? or * to list all spells.
You don't have enough magic to cast this spell.
There are monsters nearby!
There are monsters nearby!
You hit the nameless horror but do no damage.
The nameless horror hits you.
You die...

.......#
#.......#
.......#
#.......#
...)...#
#.......#
.......#
#.......###
###'#######
#.........
#.......#
#.......#
##......#
#.......#
#......#
#...)†..#
##.....#
#.@X.#### ##...##
###w##
###..#######†#
####
##.........#.....
##...............
###)......#......
#..........######
#..........')..
#..........####


You could see a nameless horror and a ribbon worm.

Vanquished Creatures
  2 adders (D:2)
  A dart slug (D:1)
  A ribbon worm (D:2)
  6 endoplasms (D:1)
  A giant cockroach (D:2)
  5 goblins
  9 hobgoblins
  2 kobolds (D:1)
  5 ball pythons
  4 bats (D:1)
  A frilled lizard (D:2)
  5 rats
42 creatures vanquished.

Notes
Turn   | Place    | Note
-------+----------+-------------------------------------------
     0 | D:1      | terelglass the Deep Elf Conjurer began the quest for the
                  | Orb.
     0 | D:1      | Reached XP level 1. HP: 10/10 MP: 6/6
   142 | D:1      | Reached XP level 2. HP: 15/15 MP: 2/8
   684 | D:1      | Found Xos Nyipp's Book Emporium.
   687 | D:1      | Reached XP level 3. HP: 19/19 MP: 7/10
   726 | D:1      | Learned a level 2 spell: Searing Ray
  1226 | D:2      | Found Haluriu's Jewellery Boutique.
  1262 | D:2      | Found a white marble altar of Elyvilon.
  1595 | D:2      | Learned a level 3 spell: Call Canine Familiar
  1655 | D:2      | Reached XP level 4. HP: 24/24 MP: 7/11
  1699 | D:2      | Noticed a nameless horror
  1706 | D:2      | Slain by a nameless horror

Illustrated notes

Levels and vault maps discovered:
D:1:      minmay_arrival_diagonal_passages, layout_basic, serial_shops, shop,
          minmay_domino_4
D:2:      minmay_wonky_spiral, layout_basic, basic_altar, serial_shops, shop

Skill      XL: |  1  2 |
---------------+-------+-----
Stealth        | 3 |  3.5
Dodging        | 3 |  3.3
Spellcasting   | |  3.9
Conjurations   | |  4.8

Action                     |  1- 3 |  4- 6 || total
---------------------------+-------+-------++-------
  Melee: Short sword       |     3 |     5 ||     8
   Cast: Magic Dart        |    72 |     3 ||    75
         Searing Ray       |     3 |       ||     3
         Call Canine Famil |     1 |       ||     1
    Use: Scroll            |       |     1 ||     1
 Armour: Robe              |     8 |     4 ||    12
  Dodge: Dodged            |     5 |     6 ||    11

Table legend: (Time is in decaauts)
 A = Elapsed time spent in this place.
 B = Non-inter-level travel time spent in this place.
 C = Inter-level travel time spent in this place.
 D = Time resting spent in this place.
 E = Time spent auto-exploring this place.
 F = Levels seen in this place.
 G = Mean time per level.
                   A        B        C        D        E       F      G
               +--------+--------+--------+--------+--------+-----+--------+
         Total |   1705 |   1674 |     31 |    305 |   1186 |   2 |  852.5 |
       Dungeon |   1705 |   1674 |     31 |    305 |   1186 |   2 |  852.5 |
               +--------+--------+--------+--------+--------+-----+--------+

Top non-repeatable levels by time:
     D:1: 1003 daAuts
     D:2: 701 daAuts
